 Dungeon Crawl Stone Soup version 0.31.0-11-ge490571c62 (webtiles) character file.

Game seed: 10862707029273142899

935 qw the Skirmisher (level 7, -6/35 HPs)
             Began as a Spriggan Hunter on Feb 4, 2024.
             Killed by divine providence
             ... invoked by Jeremiah
              (9 damage)
             ... on level 6 of the Dungeon.
             The game lasted 00:00:22 (5087 turns).

qw the Skirmisher (Spriggan Hunter)                 Turns: 5087, Time: 00:00:22

Health: -6/35      AC:  2    Str:  7    XL:     7   Next: 87%
Magic:  8/8        EV: 23    Int: 13    God:
Gold:   190        SH:  0    Dex: 21    Spells: 6/6 levels left

rFire   + . .        a - +1 shortbow
rCold   . . .        (shield currently unavailable)
rNeg    . . .        c - +0 robe
rPois   .            (helmet restricted)
rElec   .            b - scarf "Osuamim" {+Inv, rF+ Int+3}
rCorr   .            (gloves unavailable)
SInv    +            (boots unavailable)
Will    +....        (no amulet)
Stlth   ++           (no ring)
HPRegen 0.25/turn    (no ring)
MPRegen 0.11/turn

%: no passive effects
@: very quick
A: very small, no large weapons, unfitting armour, see invisible, speed 3
a: Evoke Invisibility


You were on level 6 of the Dungeon.
You visited 1 branch of the dungeon, and saw 6 of its levels.
You also visited: Ossuary.

You collected 190 gold pieces.


Innate Abilities, Weirdness & Mutations

You are very small and have problems with some larger weapons.
You are too small for most types of armour.
You have supernaturally acute eyesight. (SInv)
You cover ground extremely quickly. (Speed+++)


   Skills:
 - Level 2.1 Fighting
 - Level 8.0 Ranged Weapons
 + Level 7.7 Dodging
 - Level 1.5 Stealth


You had 6 spell levels left.
You didn't know any spells.
Your spell library was empty.

Inventory:

Hand Weapons
 a - a +1 shortbow (weapon)
Armour
 b - the scarf "Osuamim" (worn) {+Inv, rF+ Int+3}
   (You acquired it on level 2 of the Dungeon)

   Int+3:     It affects your intelligence (+3).
   rF+:       It protects you from fire.
 c - a +0 robe (worn)
Wands
 d - a wand of polymorph (10)
 f - a wand of paralysis (5) (quivered)
Scrolls
 m - 3 scrolls of enchant armour
Potions
 e - a potion of might
 h - a potion of enlightenment
 i - a potion of resistance
 j - a potion of curing
 k - a potion of degeneration {unknown}
 l - a potion of heal wounds {unknown}
 n - a potion of attraction {unknown}

Dungeon Overview and Level Annotations

Branches:
Dungeon (6/15)            Ossuary (visited)
 Temple: D:4-7

Altars:
Cheibriados

Shops:
D:3 =

Annotations:
D:3 3 runed translucent doors, qw's ghost, amateur DEHu
D:6 Jeremiah


Message History

You shoot an arrow. The arrow hits the hound!
You kill the hound!
The butterfly disappears in a burst of colours! x3
You shoot an arrow. The arrow barely misses the butterfly.
The arrow hits the butterfly.
You kill the butterfly!
The butterfly disappears in a burst of colours!
You shoot an arrow.
The arrow hits the butterfly but does no damage.
The butterfly disappears in a burst of colours!
Jeremiah is no longer paralysed.
The butterfly disappears in a burst of colours! x4
Jeremiah hits you from afar with a +4 vampiric trident!
Jeremiah hits you from afar with a +4 vampiric trident!
Jeremiah closely misses you.
The butterfly disappears in a burst of colours!
Jeremiah hits you but does no damage.
The butterfly disappears in a burst of colours!
Jeremiah completely misses you.
The butterfly disappears in a burst of colours!
Jeremiah misses you.
The butterfly disappears in a burst of colours! x2
Jeremiah shouts, "Stop it!
Stop making me do this!"
Jeremiah misses you.
The butterfly disappears in a burst of colours! x2
Jeremiah misses you.
5085 ||| ZAPPING wand of paralysis (6) at 2,2 (Jeremiah; floor).
Aiming: Paralyse
Press: ? - help, Q - select action, (/) - cycle Shift-Dir - straight line, f - Jeremiah Jeremiah struggles to resist.
The butterfly disappears in a burst of colours!
Jeremiah misses you.
The butterfly disappears in a burst of colours! x2
Jeremiah cries, "Fearful master, protect me!"
Something smites you!
Jeremiah pinches themself.
Jeremiah cries, "Fearful master, protect me!"
Something smites you!
You die...
Jeremiah asks, "What happened?
Did... did you die?"

.... ##. #F ...#
#.. ..b
#b.##.#####...
##.....#b...
###....b...#
#.........## ##
#####b%b..# ..
#bb.b?b## ..
##.@bb.bb# #.
##b.bbbb..b..
#.##.####Fb.##...
#...<# ##b## #..#
#...## #.# #.#
#....# ..# ..
...###.. ## #.#
##. . #.


You could see Jeremiah.

Vanquished Creatures
  A weeping skull (Ossuary)
  2 elf zombies (Ossuary)
  3 scorpions (D:4)
  A howler monkey (D:4)
  2 bombardier beetles
  3 hounds
  A human zombie (Ossuary)
  A jelly (D:5)
  A sleepcap (D:4)
  2 iguanas (D:4)
  A crocodile zombie (Ossuary)
  A hound zombie (Ossuary)
  3 mummies (Ossuary)
  5 adders
  A white imp (D:5)
  2 ufetubi (D:4)
  4 adder zombies (Ossuary)
  3 dart slugs
  2 orcs (D:4)
  5 ball pythons
  5 bats
  3 endoplasms
  6 giant cockroaches
  3 gnoll zombies (Ossuary)
  7 goblins
  4 hobgoblins
  3 quokkas
  4 ball python zombies (Ossuary)
  2 frilled lizards (D:1)
  7 jackal zombies (Ossuary)
  5 kobolds
  4 kobold zombies (Ossuary)
  An orc zombie (Ossuary)
  6 rats
104 creatures vanquished.

Notes
Turn   | Place    | Note
-------+----------+-------------------------------------------
     0 | D:1      | qw the Spriggan Hunter began the quest for the Orb.
     0 | D:1      | Reached XP level 1. HP: 10/10 MP: 2/2
     0 | D:1      | 0 ||| qw: Version: 0.3-a-160-g6735b56
     0 | D:1      | 0 ||| qw: Game counter: 5528
     0 | D:1      | 0 ||| qw: Melee chars always use a shield: true
     0 | D:1      | 0 ||| qw: God list: Okawaru
     0 | D:1      | 0 ||| qw: Allow faded altars: false
     0 | D:1      | 0 ||| qw: Do Orc after clearing Dungeon:15 true
     0 | D:1      | 0 ||| qw: Do second Lair branch before Depths: true
     0 | D:1      | 0 ||| qw: Lair rune preference: random
     0 | D:1      | 0 ||| qw: Goals: Normal
     0 | D:1      | 0 ||| PLANNING D:1-11
    46 | D:1      | Reached skill level 3 in Dodging
   124 | D:1      | Reached XP level 2. HP: 14/14 MP: 3/3
   414 | D:1      | Reached XP level 3. HP: 16/18 MP: 4/4
   734 | D:1      | 734 ||| DROPPING ring of wizardry.
   735 | D:1      | 735 ||| READING scroll labelled VUDYLE TAUVIU.
   735 | D:1      | 735 ||| IDENTIFYING murky yellow potion
   736 | D:1      | 736 ||| DROPPING scroll of butterflies.
   737 | D:1      | 737 ||| DROPPING potion of magic.
   888 | D:2      | Found a snail-covered altar of Cheibriados.
  1518 | D:2      | 1518 ||| READING scroll labelled NEAXYF DUUGOJY.
  1518 | D:2      | 1518 ||| ENCHANTING +0 shortbow.
  1519 | D:2      | 1519 ||| READING scroll labelled DEZIAJ IHU.
  1519 | D:2      | 1519 ||| ENCHANTING +1 shortbow.
  1520 | D:2      | 1520 ||| READING scroll labelled SUHEOK QIZU.
  1520 | D:2      | Identified a scroll of acquirement
  1520 | D:2      | 1520 ||| ACQUIRING scarf "Osuamim" {+Inv, rF+ Int+3}
  1520 | D:2      | Acquired the scarf "Osuamim" {+Inv, rF+ Int+3}
  1522 | D:2      | 1522 ||| UPGRADING to scarf "Osuamim" {+Inv, rF+ Int+3}.
  1527 | D:2      | 1527 ||| DRINKING 2 puce potions.
  1581 | D:2      | 1581 ||| DROPPING potion of lignification.
  1654 | D:3      | Reached skill level 5 in Ranged Weapons
  1767 | D:3      | Found Kucuschic's Jewellery Shoppe.
  1774 | D:3      | 1774 ||| SHOPLISTING +6 ring of dexterity (504 gold, have
                  | 71).
  1774 | D:3      | 1774 ||| SHOPLISTING amulet of Elemental Vulnerability
                  | {rPois rF-- rC-- AC+8} (536 gold, have 71).
  1774 | D:3      | 1774 ||| SHOPLISTING ring of fire (350 gold, have 71).
  1774 | D:3      | 1774 ||| SHOPLISTING ring of ice (350 gold, have 71).
  1774 | D:3      | 1774 ||| SHOPLISTING ring of positive energy (280 gold,
                  | have 71).
  1774 | D:3      | 1774 ||| SHOPLISTING ring of protection from fire (350
                  | gold, have 71).
  1774 | D:3      | 1774 ||| SHOPLISTING ring of resist corrosion (280 gold,
                  | have 71).
  1864 | D:3      | Found a runed translucent gate.
  1864 | D:3      | Found a runed translucent gate.
  1866 | D:3      | Found a runed translucent gate.
  1873 | D:3      | Reached XP level 4. HP: 20/22 MP: 5/5
  1885 | D:3      | Noticed qw's ghost (amateur DEHu)
  2494 | D:3      | 2494 ||| DRINKING 2 amethyst potions.
  2520 | D:4      | Noticed a scorpion
  2521 | D:4      | 2521 ||| PLANNING OSSUARY
  2533 | D:4      | Killed a scorpion
  2534 | D:4      | Reached XP level 5. HP: 25/25 MP: 6/6
  2670 | D:4      | 2670 ||| FLEEEEING.
  2671 | D:4      | 2671 ||| FLEEEEING.
  2672 | D:4      | 2672 ||| FLEEEEING.
  2673 | D:4      | 2673 ||| FLEEEEING.
  2674 | D:4      | 2674 ||| FLEEEEING.
  2675 | D:4      | 2675 ||| FLEEEEING.
  2676 | D:4      | 2676 ||| FLEEEEING.
  2677 | D:4      | 2677 ||| FLEEEEING.
  2682 | D:4      | 2682 ||| FLEEEEING.
  2683 | D:4      | 2683 ||| FLEEEEING.
  2764 | D:4      | Reached XP level 6. HP: 30/30 MP: 7/7
  2834 | D:4      | Found a sand-covered staircase.
  2835 | D:4      | 2835 ||| READING scroll of identify.
  2835 | D:4      | 2835 ||| IDENTIFYING bubbling yellow potion
  2836 | D:4      | 2836 ||| READING scroll labelled TELONW QEN VAI.
  2837 | D:4      | 2837 ||| READING scroll labelled RAUMIU GEUSE.
  2838 | D:4      | 2838 ||| DRINKING 2 silvery potions.
  2843 | Ossuary  | Entered an ossuary
  2898 | Ossuary  | Reached skill level 6 in Ranged Weapons
  2925 | Ossuary  | Reached skill level 6 in Dodging
  3113 | Ossuary  | Reached XP level 7. HP: 21/35 MP: 8/8
  3186 | Ossuary  | Reached skill level 7 in Ranged Weapons
  3367 | Ossuary  | 3367 ||| READING scroll labelled CATU USIBAN.
  3368 | Ossuary  | 3368 ||| DRINKING 2 grey potions.
  3376 | D:4      | 3376 ||| PLANNING D:1-11
  3491 | D:5      | Entered Level 5 of the Dungeon
  3492 | D:5      | 3492 ||| STAIRDANCE
  3537 | D:5      | 3537 ||| STAIRDANCE
  3572 | D:5      | 3572 ||| FLEEEEING.
  3578 | D:5      | 3578 ||| FLEEEEING.
  3579 | D:5      | 3579 ||| FLEEEEING.
  3580 | D:5      | 3580 ||| FLEEEEING.
  3581 | D:5      | 3581 ||| FLEEEEING.
  3582 | D:5      | 3582 ||| FLEEEEING.
  3583 | D:5      | 3583 ||| FLEEEEING.
  3584 | D:5      | 3584 ||| STAIRDANCE
  3688 | D:5      | 3688 ||| STAIRDANCE
  3702 | D:4      | HP: 6/35 [iguana (12)]
  3818 | D:5      | 3818 ||| STAIRDANCE
  3820 | D:4      | 3820 ||| RETREEEEATING.
  3821 | D:4      | 3821 ||| RETREEEEATING.
  3822 | D:4      | 3822 ||| RETREEEEATING.
  3823 | D:4      | 3823 ||| RETREEEEATING.
  3824 | D:4      | 3824 ||| RETREEEEATING.
  3825 | D:4      | 3825 ||| RETREEEEATING.
  3826 | D:4      | 3826 ||| RETREEEEATING.
  3939 | D:5      | 3939 ||| STAIRDANCE
  3949 | D:4      | Reached skill level 8 in Ranged Weapons
  4057 | D:5      | 4057 ||| STAIRDANCE
  4861 | D:6      | Noticed Jeremiah
  4862 | D:6      | 4862 ||| DRINKING 2 potions of haste.
  4863 | D:6      | 4863 ||| FLEEEEING.
  4866 | D:6      | 4866 ||| FLEEEEING.
  4868 | D:6      | 4868 ||| FLEEEEING.
  4870 | D:6      | 4870 ||| FLEEEEING.
  4872 | D:6      | 4872 ||| FLEEEEING.
  4875 | D:6      | 4875 ||| FLEEEEING.
  4877 | D:6      | 4877 ||| FLEEEEING.
  4879 | D:6      | 4879 ||| STAIRDANCE
  4923 | D:5      | 4923 ||| READING scroll of identify.
  4923 | D:5      | 4923 ||| IDENTIFYING glowing golden potion
  4926 | D:6      | 4926 ||| DRINKING potion of haste.
  4932 | D:6      | 4932 ||| FLEEEEING.
  4939 | D:6      | 4939 ||| STAIRDANCE
  4987 | D:6      | 4987 ||| ZAPPING wand of paralysis (9) at 2,-3 (Jeremiah;
                  | floor).
  5005 | D:6      | 5005 ||| FLEEEEING.
  5006 | D:6      | 5006 ||| STAIRDANCE
  5055 | D:6      | 5055 ||| ZAPPING wand of paralysis (8) at 5,-7 (Jeremiah;
                  | floor).
  5067 | D:6      | 5067 ||| ZAPPING wand of paralysis (7) at 2,4 (Jeremiah;
                  | floor).
  5085 | D:6      | 5085 ||| ZAPPING wand of paralysis (6) at 2,2 (Jeremiah;
                  | floor).
  5086 | D:6      | HP: 3/35 [Jeremiah/divine providence (13)]
  5087 | D:6      | Killed from afar by Jeremiah

Levels and vault maps discovered:
D:1:      saegor_arrival_simple_b, layout_basic, minmay_pentomino_z2
D:2:      layout_basic, basic_altar
D:3:      layout_basic, serial_shops, shop_fountains, gammafunk_ghost_necromancy
D:4:      layout_rooms, enter_ossuary_2
D:5:      layout_loops_ring
D:6:      layout_layer_cave, lemuel_round_altar, uniq_jeremiah

Skill      XL: |  1  2  3  4  5  6  7 |
---------------+----------------------+-----
Dodging        | 3 4 5 6 7 |  7.7
Ranged Weapons | 5 6 8 |  8.0
Fighting       | 2 |  2.1
Stealth        | |  1.5

Action                     |  1- 3 |  4- 6 |  7- 9 || total
---------------------------+-------+-------+-------++-------
   Fire: Shortbow          |   108 |   189 |   139 ||   436
  Evoke: Wand              |       |       |     4 ||     4
    Use: Scroll            |     4 |     3 |     2 ||     9
         Potion            |     1 |     2 |     3 ||     6
 Armour: Robe              |    10 |    41 |    35 ||    86
  Dodge: Dodged            |    34 |   245 |   124 ||   403

Table legend:
 A = Non-vault XP
 B = Vault XP
 C = Vault XP percentage of total XP
 D = Non-vault monster count
 E = Vault monster count
 F = Vault count percentage of total count
                 A         B        C        D         E       F
            +---------+---------+-------+---------+---------+-------
      Total |     853 |     483 |  36.2 |      70 |      34 |  32.7
            +---------+---------+-------+---------+---------+-------
        D:1 |      41 |       5 |  10.9 |      23 |       2 |   8.0
        D:2 |      23 |       0 |   0.0 |       5 |       0 |   0.0
        D:3 |      48 |       0 |   0.0 |      15 |       0 |   0.0
        D:4 |     563 |       0 |   0.0 |      22 |       0 |   0.0
        D:5 |     136 |       0 |   0.0 |       4 |       0 |   0.0
        D:6 |      42 |       0 |   0.0 |       1 |       0 |   0.0
    Ossuary |       0 |     478 | 100.0 |       0 |      32 | 100.0
            +---------+---------+-------+---------+---------+-------
